 Dungeon Crawl Stone Soup version 0.29.1-1-gd02db6906a (webtiles) character file.

Game seed: 12369820366658747384

5360 Tsarbomb the Cleaver (level 10, -4/90 HPs)
             Began as a Minotaur Berserker on Oct 4, 2022.
             Was an Elder of Trog.
             Slain by a troll (8 damage)
             ... on level 10 of the Dungeon on Oct 5, 2022.
             The game lasted 00:23:13 (10167 turns).

Tsarbomb the Cleaver (Minotaur Berserker)          Turns: 10167, Time: 00:23:13

Health: -4/90      AC: 16    Str: 22    XL:     10   Next: 39%
Magic:  0/9        EV:  6    Int: 10    God:    Trog [****..]
Gold:   534        SH: 10    Dex: 14    Spells: 9/9 levels left

rFire   . . .      SeeInvis .   f - +4 war axe
rCold   . . .      Faith    .   v - +0 kite shield
rNeg    . . .      Spirit   +   F - +0 plate armour
rPois   .          Reflect  .   G - +2 hat
rElec   .          Harm     .   (no cloak)
rCorr   .          Rampage  .   (no gloves)
Will    .....      Rage     3%  (no boots)
Stlth   .......... Rnd*Tele +   A - amulet of guardian spirit
HPRegen 0.25/turn               n - +6 ring of intelligence
MPRegen 0.11/turn               (no ring)

@: on berserk cooldown, slowed, very slow
A: horns 2, retaliatory headbutt, berserk 1, teleportitis 1
a: Renounce Religion, Berserk, Trog's Hand, Brothers in Arms


You were on level 10 of the Dungeon.
You worshipped Trog.
Trog was greatly pleased with you.
You visited 1 branch of the dungeon, and saw 11 of its levels.
You also visited: Sewer.

You collected 534 gold pieces.

Inventory:

Hand Weapons
 f - a +4 war axe (weapon)
 H - a +1 whip of freezing
Armour
 v - a +0 kite shield (worn)
 F - a +0 plate armour (worn)
 G - a +2 hat (worn)
Jewellery
 n - a +6 ring of intelligence (left hand)
 A - an amulet of guardian spirit (around neck)
Wands
 a - a wand of quicksilver (5)
 t - a wand of polymorph (4)
 E - a wand of paralysis (7)
Scrolls
 d - 3 scrolls of amnesia {unknown}
 e - a scroll of poison {unknown}
 j - 2 scrolls of immolation {unknown}
 k - 2 scrolls of magic mapping {unknown}
 p - 3 scrolls of fog {unknown}
 q - 2 scrolls of noise {unknown}
 u - 3 scrolls of enchant weapon {unknown}
 D - 4 scrolls of teleportation
Potions
 b - a potion of experience {unknown}
 c - 5 potions of might
 g - 2 potions of ambrosia
 h - 3 potions of lignification {unknown}
 l - 5 potions of haste
 m - a potion of berserk rage {unknown}
 r - 2 potions of resistance {unknown}
 x - 2 potions of degeneration {unknown}
 z - 3 potions of heal wounds {unknown}
 B - 3 potions of curing
 C - a potion of flight {unknown}


   Skills:
 + Level 8.9 Fighting
 * Level 12.1 Axes
 + Level 10.4 Armour
 - Level 2.1 Dodging
 * Level 6.3 Shields


You had 9 spell levels left.
You didn't know any spells.
Your spell library was empty.

Dungeon Overview and Level Annotations

Branches:
Dungeon (11/15)            Temple (0/1) D:7           Sewer (visited)
   Lair: D:8-11         Orc: D:9-12

Altars:
Fedhas
Gozag
Makhleb
Vehumet

Shops:
D:2 :

Annotations:
D:7 exclusion: downstairs


Innate Abilities, Weirdness & Mutations

You have a pair of horns on your head.
You reflexively headbutt those who attack you in melee.
You sometimes lose your temper in combat.
You are occasionally teleported next to monsters.


Message History

* * * LOW HITPOINT WARNING * * *
The troll claws you but does no damage. The manticore bites you!
* * * LOW HITPOINT WARNING * * *
The manticore claws you!
* * * LOW HITPOINT WARNING * * *
The manticore claws you.
* * * LOW HITPOINT WARNING * * *
You climb upwards.
There is a stone staircase leading down here.
You are confused.
You feel invigorated. The troll bites you but does no damage.
The troll claws you.
* * * LOW HITPOINT WARNING * * *
The troll claws you.
* * * LOW HITPOINT WARNING * * *
The manticore bites you!
* * * LOW HITPOINT WARNING * * *
The manticore claws you but does no damage. x2
Okay, then.
You feel better.
You feel less invigorated. You block the troll's attack. The troll claws you.
* * * LOW HITPOINT WARNING * * *
The troll claws you.
* * * LOW HITPOINT WARNING * * *
The manticore closely misses you.
The manticore claws you but does no damage. x2
The troll bites you but does no damage. You block the troll's attack.
The troll claws you but does no damage. The manticore bites you!
* * * LOW HITPOINT WARNING * * *
The manticore barely misses you.
The manticore claws you but does no damage.
You fail to use your ability.
You block the troll's attack. The troll barely misses you.
The troll claws you but does no damage. The manticore bites you.
* * * LOW HITPOINT WARNING * * *
The manticore claws you but does no damage.
You block the manticore's attack.
You fail to use your ability.
The troll bites you but does no damage. The troll claws you but does no damage.
The troll claws you!
You die...

#..........# ##
#..........# ####.
#.........####..[.
#####.................
.............).....###
####............####
#..........###
#H.........#
#T@...#.....#
#....###....# #...##
#.....# ...## ##....#
#...# #..## ... #..#


You could see a manticore and a troll.

Vanquished Creatures
  Pikel (D:9)
  Maggie (D:10)
  A troll (D:10)
  Sigmund (D:2)
  2 wraiths
  2 steam dragons (D:7)
  3 vampire mosquitoes (D:11)
  4 orc warriors (D:7)
  2 sky beasts
  An ogre (D:4)
  4 black bears
  3 centaurs
  A kobold brigand (Sewer)
  A bullfrog (D:8)
  A necrophage (D:6)
  2 gnoll sergeants
  2 scorpions
  5 wights (D:10)
  5 killer bees (D:9)
  A howler monkey (D:6)
  3 hounds
  4 jellies
  4 orc priests
  Natasha (thrice) (D:2)
  6 iguanas
  4 orc wizards
  A hound skeleton (D:6)
  10 gnolls
  7 adders
  7 river rats (Sewer)
  A shadow imp (D:6)
  An ufetubus (D:5)
  A worm (D:3)
  3 dart slugs
  25 orcs
  10 ball pythons
  5 endoplasms
  7 giant cockroaches
  12 hobgoblins
  3 jackals (D:2)
  6 quokkas
  12 bats
  4 frilled lizards
  5 goblins
  24 kobolds
  21 rats
232 creatures vanquished.

Vanquished Creatures (collateral kills)
  A lemure (D:9)
  2 gnolls (D:9)
3 creatures vanquished.

Grand Total: 235 creatures vanquished

Notes
Turn   | Place    | Note
-------+----------+-------------------------------------------
     0 | D:1      | Tsarbomb the Minotaur Berserker began the quest for the
                  | Orb.
     0 | D:1      | Reached XP level 1. HP: 19/19 MP: 0/0
    74 | D:1      | Reached skill level 4 in Axes
    74 | D:1      | Reached XP level 2. HP: 23/26 MP: 1/1
   413 | D:1      | Reached skill level 5 in Axes
   487 | D:1      | Found a faded altar of an unknown god.
   508 | D:1      | Reached XP level 3. HP: 30/31 MP: 2/2
   647 | D:1      | Reached ** piety under Trog
   956 | D:2      | Found Piburahu's Book Boutique.
  1316 | D:2      | Noticed Natasha
  1318 | D:2      | Killed Natasha
  1319 | D:2      | Reached skill level 6 in Axes
  1319 | D:2      | Reached XP level 4. HP: 39/39 MP: 3/3
  1452 | D:2      | Noticed Sigmund
  1776 | D:3      | Reached skill level 7 in Axes
  1776 | D:3      | Reached XP level 5. HP: 39/45 MP: 4/4
  2246 | D:3      | Reached skill level 1 in Shields
  2659 | D:2      | Noticed Natasha
  2664 | D:2      | Killed Natasha
  2750 | D:2      | Killed Sigmund
  2751 | D:2      | Reached skill level 8 in Axes
  2751 | D:2      | Reached XP level 6. HP: 51/51 MP: 5/5
  2849 | D:2      | Noticed Natasha
  2858 | D:2      | Killed Natasha
  3060 | D:4      | Reached skill level 9 in Axes
  3110 | D:4      | Reached XP level 7. HP: 57/57 MP: 6/6
  3180 | D:4      | Found a radiant altar of Vehumet.
  3183 | D:4      | Reached *** piety under Trog
  3187 | D:4      | Found an opulent altar of Gozag.
  3195 | D:4      | Found a blossoming altar of Fedhas.
  3432 | D:4      | Found a glowing drain.
  3499 | Sewer    | Entered a sewer
  3541 | Sewer    | Reached skill level 10 in Axes
  4097 | Sewer    | Reached **** piety under Trog
  4558 | D:5      | Entered Level 5 of the Dungeon
  4698 | D:5      | Reached skill level 11 in Axes
  4749 | D:5      | Reached XP level 8. HP: 58/64 MP: 7/7
  5129 | D:5      | Reached skill level 12 in Axes
  6114 | D:6      | Reached skill level 5 in Fighting
  6250 | D:6      | Reached skill level 5 in Armour
  6486 | D:6      | Found a burning altar of Makhleb.
  6598 | D:6      | Noticed a two-headed ogre
  6846 | D:7      | Reached XP level 9. HP: 75/75 MP: 8/8
  7566 | D:7      | Found a staircase to the Ecumenical Temple.
  8113 | D:8      | Noticed a two-headed ogre
  8356 | D:9      | Noticed Pikel
  8434 | D:9      | Killed Pikel
  8459 | D:9      | Gained mutation: You are clumsy. (Dex -2) [potion of
                  | mutation]
  8460 | D:9      | Lost mutation: You are clumsy. (Dex -2) [potion of
                  | mutation]
  8460 | D:9      | Gained mutation: You are occasionally teleported next to
                  | monsters. [potion of mutation]
  8460 | D:9      | Gained mutation: You sometimes lose your temper in combat.
                  | [potion of mutation]
  8780 | D:9      | Reached XP level 10. HP: 89/89 MP: 6/9
  9071 | D:9      | Noticed a two-headed ogre
  9135 | D:10     | Entered Level 10 of the Dungeon
  9236 | D:10     | Reached skill level 5 in Shields
  9521 | D:10     | Noticed Maggie
  9539 | D:10     | Killed Maggie
  9540 | D:10     | Reached skill level 10 in Armour
  9911 | D:10     | Noticed a cyclops
  9931 | D:11     | Noticed a manticore
 10162 | D:11     | HP: 3/90 [manticore (2)]
 10164 | D:10     | HP: 1/90 [manticore (7)]
 10167 | D:10     | Slain by a troll

Illustrated notes

Levels and vault maps discovered:
D:1:      dpeg_arrival_shrine, layout_loops_ring, ebering_ecumenical_altar_hall
D:2:      layout_basic, serial_shops, shop, hex_medium, minmay_small_reverse_x,
          uniq_jessica, uniq_sigmund, uniq_natasha
D:3:      layout_basic
D:4:      layout_basic, minmay_overflow_temple_star_quad, gup_sewer_entry_glass
D:5:      layout_loops_corners
D:6:      layout_loops_ring, makhleb_blood_cavern_becter,
          uniq_crazy_yiuf_cottage
D:7:      layout_gridville, minmay_temple_entry_glassed_door,
          minmay_strange_pillars
D:8:      layout_cave_pods, dpeg_oklobed_lair, enter_bailey_2
D:9:      layout_irregular_city, uniq_pikel
D:10:     layout_layer_cave, kennysheep_nub, uniq_maggie
D:11:     layout_irregular_city

Skill      XL: |  1  2  3  4  5  6  7  8  9 10 |
---------------+-------------------------------+-----
Axes           | 4 5 6 7 8 9 11 12 | 12.1
Shields        | 2 4 6 |  6.3
Fighting       | 6 8 |  8.9
Armour         | 6 9 10 | 10.4
Dodging        | |  2.1

Action                   |  1- 3 |  4- 6 |  7- 9 | 10-12 || total
-------------------------+-------+-------+-------+-------++-------
Melee: Hand axe          |    73 |    87 |   360 |    56 ||   576
       Headbutt          |     8 |    18 |    72 |    21 ||   119
       Punch             |       |     1 |     1 |       ||     2
       War axe           |       |       |       |    15 ||    15
Invok: Berserk           |       |     2 |    13 |     2 ||    17
       Trog's Hand       |       |     2 |     1 |     2 ||     5
       Brothers in Arms  |       |       |     1 |       ||     1
  Use: Scroll            |       |       |     5 |     1 ||     6
       Potion            |       |       |     3 |     2 ||     5
Armor: Animal skin       |    22 |       |       |       ||    22
       Scale mail        |       |    32 |    42 |       ||    74
       Plate armour      |       |       |    58 |    56 ||   114
Dodge: Dodged            |    52 |    38 |   162 |    28 ||   280
Block: Buckler           |       |     5 |    46 |       ||    51
       Kite shield       |       |       |    36 |    51 ||    87
